 Dungeon Crawl Stone Soup version 0.22.1-2-g9c5b331383 (webtiles) character file.

31 Jynx the Sneak (level 3, -3/16 HPs)
             Began as a Spriggan Enchanter on Dec 23, 2018.
             Killed by nerve-wracking pain
             ... invoked by Jessica
              (13 damage)
             ... on level 1 of the Dungeon.
             The game lasted 00:01:45 (1537 turns).

Jynx the Sneak (Spriggan Enchanter)                 Turns: 1537, Time: 00:01:46

Health: -3/16      AC:  2    Str:  4    XL:     3   Next: 7%
Magic:  0/8        EV: 19    Int: 16    God:
Gold:   39         SH:  0    Dex: 17    Spells: 2/8 levels left

rFire    . . .     SeeInvis +   a - +1 dagger
rCold    . . .     Gourm    .   (shield restricted)
rNeg     . . .     Faith    .   b - +0 robe
rPois    .         Spirit   .   (helmet restricted)
rElec    .         Reflect  .   (no cloak)
rCorr    .         Harm     .   (gloves unavailable)
MR       .....                  (boots unavailable)
Stlth    +++.......             (no amulet)
HPRegen  0.05/turn              (no ring)
MPRegen  0.11/turn              (no ring)

@: very slightly contaminated, very quick
A: very small, unfitting armour, see invisible, herbivore, speed 3, slow
metabolism 2
a: no special abilities


You were on level 1 of the Dungeon.
You were not hungry.

You visited 1 branch of the dungeon, and saw 2 of its levels.

You collected 39 gold pieces.

Inventory:

Hand Weapons
 a - a +1 dagger (weapon)
Armour
 b - a +0 robe (worn)
Jewellery
 j - a +1 ring of protection {unknown}
Potions
 c - 2 potions of curing {unknown}
 f - a potion of heal wounds {unknown}
 g - a potion of ambrosia {unknown}
 h - a potion of might {unknown}
 i - a potion of haste {unknown}
Comestibles
 d - 4 rations


   Skills:
 + Level 1.5 Short Blades
 + Level 3.4 Dodging
 + Level 4.8 Stealth
 + Level 3.1 Spellcasting
 * Level 4.2 Hexes


You had 2 spell levels left.
You knew the following spells:

 Your Spells              Type           Power        Failure   Level  Hunger
a - Corona                Hex            ###....      3%          1    None
b - Ensorcelled Hibernat  Hex/Ice        #.....       12%         2    ##.....
c - Confuse               Hex            ###.....     10%         3    ###....

Your spell library contained the following spells:

 Spells                   Type           Power        Failure   Level  Hunger
 Tukima's Dance           Hex            ###.....     10%         3    ###....
 Dazzling Spray           Conj/Hex       #.....       24%         3    ###....


Dungeon Overview and Level Annotations

Branches:
Dungeon (2/15)

Altars:

Annotations:
D:1 Jessica


Innate Abilities, Weirdness & Mutations

You are very small and have problems with some larger weapons.
You are too small for most types of armour.
You have supernaturally acute eyesight. (SInv)
You are a herbivore.
You cover ground extremely quickly.
You need to consume almost no food.


Message History

Okay, then.
The kobold closely misses you.
Jessica gestures wildly while chanting.
Jessica blinks!
You climb upwards.
There is a stone staircase leading down here.
Casting: Confuse (safe; 10% risk of failure)
Confirm with . or Enter, or press ? or * to list all spells.
Aiming: Ensorcelled Hibernation (safe; 12% risk of failure)
Press: ? - help, Shift-Dir - straight line, f - Jessica
Aim: Jessica, wearing a robe (chance to defeat MR: 50%) Jessica resists with some effort.
The kobold misses you. Jessica casts a spell at you.
You struggle to resist.
Jessica casts a spell.
Jessica blinks!
Jessica points at you and mumbles some strange words.
Pain shoots through your body!
Ouch! That really hurt!
You die...

...†#.#...#.#.##### #.#
..###.#...#.#.....# #.#
..# #.#.#.#.#.....# #.#
..# #.#.#...#.....# #.#
..# #.#.#...#..@..# #.#
#####.÷÷#...#.....#####.#
###.....#...#.....'.....#
÷.'.....'.#.#.....#######
###.....###.....@.#
#.....# #.......# #.....#
#..K....# #.....#
##.>.[..# #.....#
###....# #.....# #....#
####### #....# #....#
######


You could see Jessica and a kobold.

Vanquished Creatures
  An adder (D:2)
  A ball python (D:1)
  A giant cockroach (D:1)
  5 goblins
  2 hobgoblins
  4 jackals (D:1)
  2 bats (D:1)
  2 frilled lizards (D:1)
  A kobold (D:1)
  A rat (D:1)
20 creatures vanquished.

Notes
Turn   | Place    | Note
-------+----------+-------------------------------------------
     0 | D:1      | Jynx the Spriggan Enchanter began the quest for the Orb.
     0 | D:1      | Reached XP level 1. HP: 9/9 MP: 5/5
   150 | D:1      | Reached XP level 2. HP: 7/13 MP: 6/6
  1208 | D:2      | Reached XP level 3. HP: 16/16 MP: 8/8
  1298 | D:2      | Noticed Jessica
  1513 | D:1      | Learned a level 2 spell: Ensorcelled Hibernation
  1517 | D:1      | Learned a level 3 spell: Confuse
  1537 | D:1      | Killed from afar by Jessica

Skill      XL: |  1  2 |
---------------+-------+-----
Hexes          | 4 |  4.2
Spellcasting   | 3 |  3.1
Short Blades   | |  1.5
Dodging        | |  3.4
Stealth        | |  4.8

Action                   || total
-------------------------++-------
Melee: Dagger            ||   111
 Cast: Confuse           ||     1
       Ensorcelled Hiber ||     1
  Use: Scroll            ||     1
 Stab: Sleeping          ||     8
Armor: Robe              ||    10
Dodge: Dodged            ||   103
